 Dungeon Crawl Stone Soup version 0.25-a0-510-ge065f6de7d (webtiles) character file.

Game seed: 14360887630883966432, levelgen mode: deterministic

652 seren the Covert (level 7, 0/41 HPs)
             Began as a Vampire Assassin on Feb 15, 2020.
             Was a Follower of Dithmenos.
             Shot with an arrow by a centaur (6 damage)
             ... on level 5 of the Dungeon.
             The game lasted 00:25:02 (4720 turns).

seren the Covert (Vampire Assassin)                 Turns: 4720, Time: 00:25:03

Health: 0/41       AC:  8    Str: 10    XL:     7   Next: 28%
Magic:  7/7        EV: 14    Int: 13    God:    Dithmenos [*.....]
Gold:   226        SH:  0    Dex: 18    Spells: 4/6 levels left

rFire    . . .     SeeInvis +   a - +2 dagger
rCold    + + .     Gourm    .   (no shield)
rNeg     + + +     Faith    .   f - +3 leather armour
rPois    ∞         Spirit   .   (no helmet)
rElec    .         Reflect  .   c - +0 cloak
rCorr    .         Harm     .   (no gloves)
MR       .....                  g - +0 pair of boots
Stlth    +++++++...             (no amulet)
HPRegen  0.00/turn              (no ring)
MPRegen  0.10/turn              (no ring)

@: bloodless, wreathed by umbra
A: no food, fangs 3, see invisible, unbreathing
a: Bat Form, Revivify, Renounce Religion


You were on level 5 of the Dungeon.
You worshipped Dithmenos.
Dithmenos was aware of your devotion.
You were bloodless.

You visited 2 branches of the dungeon, and saw 6 of its levels.

You collected 338 gold pieces.
You spent 112 gold pieces at shops.

Inventory:

Hand Weapons
 a - a +2 dagger (weapon)
 b - a +1 dagger of protection
 q - a +0 long sword
Missiles
 d - 7 poisoned darts (quivered)
 e - 2 curare-tipped darts
Armour
 c - a +0 cloak (worn)
 f - a +3 leather armour (worn)
 g - a +0 pair of boots (worn)
Wands
 p - a wand of iceblast (4)
Scrolls
 i - 3 scrolls of remove curse
 k - a scroll of amnesia
 l - a scroll of fear {unknown}
 o - a scroll of enchant armour {unknown}
Potions
 h - a potion of brilliance
 j - a potion of heal wounds
 m - 5 potions of curing
 n - 2 potions of haste
 r - 3 potions of flight


   Skills:
 - Level 3.0 Fighting
 + Level 5.4 Short Blades
 - Level 1.5 Throwing
 - Level 2.0 Armour
 - Level 4.0 Dodging
 - Level 8.1 Stealth


You had 4 spell levels left.
You knew the following spells:

 Your Spells              Type           Power        Failure   Level  Hunger
a - Ensorcelled Hibernat  Hex/Ice        #.....       52%         2    N/A

Your spell library contained the following spells:

 Spells                   Type           Power        Failure   Level  Hunger
 Corona                   Hex            #......      38%         1    N/A
 Confusing Touch          Hex            #.......     77%         3    N/A
 Dazzling Flash           Conj/Hex       #.....       77%         3    N/A
 Tukima's Dance           Hex            #.......     77%         3    N/A

Dungeon Overview and Level Annotations

Branches:
Dungeon (5/15)             Temple (1/1) D:4

Altars:
Ashenzari
Cheibriados
Dithmenos
Fedhas
Gozag
Hepliaklqana
Kikubaaqudgha
Makhleb
Nemelex Xobeh
Okawaru
Qazlal
Ru
Sif Muna
Trog
Uskayaw
Vehumet
Wu Jian
Xom
Yredelemnul
Zin
The Shining One

Shops:
D:4 }!([=

Annotations:
D:4 exclusion: upstairs


Innate Abilities, Weirdness & Mutations

You do not eat.
You do not regenerate when monsters are visible.
You are frail without blood (-20% HP).
You can heal yourself when you bite living creatures.
You are immune to poison.
You have razor-sharp teeth.
You have supernaturally acute eyesight. (SInv)
You can survive without breathing.


Message History

You see here an arrow.
The centaur shoots an arrow.
The arrow completely misses you.
The centaur shoots an arrow.
The arrow misses you.
You hear an angry hiss.
The centaur shoots an arrow.
The arrow hits you but does no damage.
You see here 2 arrows.
The centaur shoots an arrow.
The arrow misses you.
You see here an arrow.
You see here a mace.
The centaur shoots an arrow.
The arrow hits you but does no damage.
You see here an arrow.
The centaur shoots an arrow.
The arrow hits you!
* * * LOW HITPOINT WARNING * * *
You see here an arrow.
The centaur shoots an arrow.
The arrow hits you!
* * * LOW HITPOINT WARNING * * *
The centaur shoots an arrow.
The arrow hits you but does no damage.
You see here an arrow.
The centaur shoots an arrow.
The arrow hits you.
You die...

.##..(#).....##.#
#.#.########.#
..#.(.##.....##.#
#.#.##.....(.#
..'...##.c....#.#
#.#.###.######
..#..(####.(.(c.# #.#.#<...#
.##..(# ######(# #.# ###..#
###..(# #...###.###.#.
#..#### #
#..c##.....##.....#.###.....#
#...#...h...#.#####.#<...##.#
#...'..oS...#.@.%.§§≈.^^.^#.#
#...#..hZ...#.##^#^≈^§.^.^≈.#
#...##..J..##.# ###≈§.^#≈..#
.....#
#...###.##.≈.≈≈..###..#
####### ####
#....≈^≈........#
..#.....(_...(..#
####....≈.^^.≈..#
#.#.^..§≈§#§.# #.≈.^..§.##≈.#


You could see a centaur.

Vanquished Creatures
  A phantom (D:4)
  An ogre (D:4)
  2 scorpions (D:4)
  A howler monkey (D:4)
  A bullfrog zombie (D:5)
  A hound (D:4)
  An orc wizard (D:3)
  An iguana (D:4)
  A worker ant (D:4)
  4 gnolls (D:4)
  6 adders
  An ooze (D:2)
  2 worms (D:3)
  3 leopard geckos
  8 orcs
  6 giant cockroaches
  14 hobgoblins
  9 jackals
  6 quokkas
  A ball python (D:3)
  4 bats
  5 frilled lizards
  8 goblins
  14 kobolds
  4 rats
105 creatures vanquished.

Notes
Turn   | Place    | Note
-------+----------+-------------------------------------------
     0 | D:1      | seren the Vampire Assassin began the quest for the Orb.
     0 | D:1      | Reached XP level 1. HP: 16/16 MP: 1/1
   198 | D:1      | Reached skill level 6 in Stealth
   276 | D:1      | Reached XP level 2. HP: 7/17 MP: 2/2
  1099 | D:2      | Reached XP level 3. HP: 21/21 MP: 3/3
  1445 | D:2      | Reached skill level 1 in Armour
  1716 | D:2      | Reached XP level 4. HP: 22/27 MP: 4/4
  2447 | D:4      | Found Aqercheyxa's Antique Weapon Emporium.
  2466 | D:4      | Reached XP level 5. HP: 31/31 MP: 5/5
  2512 | D:4      | Found Ofoacirch's Distillery.
  2514 | D:4      | Reached skill level 7 in Stealth
  2530 | D:4      | Noticed an ogre
  2573 | D:4      | Found a staircase to the Ecumenical Temple.
  2635 | D:4      | Reached XP level 6. HP: 13/37 MP: 6/6
  2880 | Temple   | Entered the Ecumenical Temple
  2987 | Temple   | Became a worshipper of Dithmenos the Shadowed
  3317 | D:4      | Found Oduclidu's Gadget Emporium.
  3463 | D:4      | Found Ruipsast's Antique Armour Emporium.
  3465 | D:4      | Found Feupedi's Jewellery Emporium.
  3520 | D:4      | Reached skill level 5 in Short Blades
  3667 | D:5      | Entered Level 5 of the Dungeon
  3711 | D:4      | Reached skill level 8 in Stealth
  3711 | D:4      | Reached XP level 7. HP: 41/41 MP: 7/7
  3743 | D:4      | Bought a pair of boots for 112 gold pieces
  3918 | D:3      | Learned a level 2 spell: Ensorcelled Hibernation
  4155 | D:3      | Reached * piety under Dithmenos
  4574 | D:5      | Found a stormy altar of Qazlal.
  4720 | D:5      | Shot with an arrow by a centaur

Levels and vault maps discovered:
D:1:      ncdulo_wetmaze, layout_basic
D:2:      layout_basic
D:3:      layout_loops_ring, hangedman_abyss_or_decor_lesser_grid, minivault_5,
          hangedman_decor_growths
D:4:      layout_basic, minmay_temple_entry_junction_2, serial_shops, shop,
          shop, shop, shop, shop
D:5:      minmay_opposing_rooms, layout_basic, first_ration,
          grunt_qazlal_sundering, uniq_menkaure
Temple:   nicolae_temple_the_god_donut

Skill      XL: |  1  2  3  4  5  6  7 |
---------------+----------------------+-----
Stealth        | 6 7 8 |  8.1
Fighting       | 2 3 |  3.0
Armour         | 1 2 |  2.0
Dodging        | 2 3 4 |  4.0
Short Blades   | 3 4 5 |  5.4
Throwing       | |  1.5

Action                   |  1- 3 |  4- 6 |  7- 9 || total
-------------------------+-------+-------+-------++-------
Melee: Dagger            |   158 |   137 |    64 ||   359
       Bite              |     7 |    20 |    11 ||    38
Throw: Dart              |     1 |       |     4 ||     5
 Abil: Exsanguinate      |     1 |       |       ||     1
  Use: Scroll            |       |     7 |     1 ||     8
 Stab: Sleeping          |    15 |    28 |     6 ||    49
Armor: Leather armour    |    44 |    31 |    12 ||    87
Dodge: Dodged            |    77 |    43 |    32 ||   152

Table legend:
 A = Non-vault XP
 B = Vault XP
 C = Vault XP percentage of total XP
 D = Non-vault monster count
 E = Vault monster count
 F = Vault count percentage of total count
                 A         B        C        D         E       F
            +---------+---------+-------+---------+---------+-------
      Total |     887 |      45 |   4.8 |     104 |       1 |   1.0
            +---------+---------+-------+---------+---------+-------
        D:1 |      27 |       0 |   0.0 |      15 |       0 |   0.0
        D:2 |      88 |       0 |   0.0 |      35 |       0 |   0.0
        D:3 |     117 |       0 |   0.0 |      32 |       0 |   0.0
        D:4 |     655 |       0 |   0.0 |      22 |       0 |   0.0
        D:5 |       0 |      45 | 100.0 |       0 |       1 | 100.0
            +---------+---------+-------+---------+---------+-------
